 Dungeon Crawl Stone Soup version 0.18.1-48-g4cf74bf (webtiles) character file.

60 Krapule the Insei (level 4, -2/24 HPs)
             Began as a Vine Stalker Monk on Sept 11, 2016.
             Killed from afar by an orc wizard (10 damage)
             ... with a puff of flame
             ... on level 3 of the Dungeon.
             The game lasted 00:03:47 (1204 turns).

Krapule the Insei (Vine Stalker Monk)               Turns: 1204, Time: 00:03:48

Health: -2/24      AC:  2    Str: 14    XL:     4   Next: 4%
Magic:  0/5        EV: 13    Int:  7    God:
Gold:   80         SH:  0    Dex: 17    Spells: 0 memorised, 3 levels left

rFire  . . .     SeeInvis .       - Unarmed
rCold  . . .     Gourm    .     a - +0 robe
rNeg   . . .     Faith    .     (no shield)
rPois  .         Spirit   +     (no helmet)
rElec  .         Dismiss  .     (no cloak)
rCorr  .         Reflect  .     (no gloves)
SustAt .         Harm     .     (no boots)
MR     .....                    (no amulet)
Stlth  +++.......               (no ring)
                                g - -3 ring of intelligence (curse)

@: not resistant to hostile enchantments, fairly stealthy
A: fangs 2, regeneration 1, magic shield, antimagic bite, no device heal 3, rot
immunity
a: no special abilities


You were on level 3 of the Dungeon.
You were not hungry.

You visited 1 branch of the dungeon, and saw 3 of its levels.

You collected 80 gold pieces.

Inventory:

Armour
 a - a +0 robe (worn)
Jewellery
 g - a cursed -3 ring of intelligence (left hand)
 l - an uncursed ring of protection from cold {unknown}
Scrolls
 c - a scroll of remove curse {unknown}
 d - a scroll of fog {unknown}
 h - 4 scrolls of identify {unknown}
 i - 3 scrolls of teleportation {unknown}
 j - a scroll of immolation {unknown}
 o - a scroll of random uselessness {unknown}
 q - a scroll of enchant weapon {unknown}
Potions
 e - 2 potions of curing {unknown}
 m - a potion of heal wounds {unknown}
 n - a potion of cure mutation {unknown}
 p - a potion of haste {unknown}
Comestibles
 b - 3 bread rations
 f - a meat ration
 k - a beef jerky
 r - a chunk of flesh


   Skills:
 + Level 3.0 Fighting
 + Level 0.0 Armour
 + Level 3.0 Dodging
 + Level 3.3 Stealth
 + Level 4.3 Unarmed Combat


You had 3 spell levels left.
You didn't know any spells.

Dungeon Overview and Level Annotations

Branches:
Dungeon (3/15)

Altars:
Okawaru


Innate Abilities, Weirdness & Mutations

You have extremely sharp teeth.
Your natural rate of healing is unusually fast.
When hurt, damage is shared between your health and your magic reserves.
Your bite disrupts and absorbs the magic of your enemies.
Potions and wands cannot restore your health.
You are immune to rotting.


Message History

The orc is heavily wounded.
You completely miss the orc. Your bite misses the orc.
The orc is heavily wounded.
The orc hits you with a club.
You closely miss the orc. Your bite misses the orc.
The orc is heavily wounded.
You hit the orc wizard but do no damage.
You barely miss the orc wizard.
The orc wizard gestures at you while chanting.
The magic dart hits you!
You barely miss the orc wizard. The orc wizard hits you with a dagger.
* * * LOW HITPOINT WARNING * * *
You hit the orc wizard but do no damage.
The orc wizard mumbles some strange words.
The orc wizard flickers and vanishes!
Deactivating autopickup; reactivate with Ctrl-A.
You hear some strange, mumbled words.
A puff of flame appears from out of thin air!
The puff of flame hits you!
You die...

#.#########.###### #.#
#.....<.# ###.#
#.##....#
#######.#.####.#.....#
..................>..#
####.#.#.######....##
.. #.............#
....#.#.#######...#
.<.....@..oo......#
##..#.#..######..[#
......#?.# #...#
#...####..# #...# ...
....######...# ###
####...o.)..#..#
.......###..# .......
#...# ....... #...#


You could see 2 orcs.

Vanquished Creatures
  An adder (D:2)
  3 worms
  A dart slug (D:3)
  2 orcs (D:3)
  2 giant cockroaches
  5 goblins
  5 hobgoblins
  3 jackals (D:2)
  3 kobolds
  A ball python (D:1)
  6 bats
  2 giant newts
  5 rats
39 creatures vanquished.

Notes
Turn   | Place    | Note
--------------------------------------------------------------
     0 | D:1      | Krapule the Vine Stalker Monk began the quest for the Orb.
     0 | D:1      | Reached XP level 1. HP: 11/11 MP: 2/2
   114 | D:1      | Reached XP level 2. HP: 16/16 MP: 3/3
   571 | D:2      | Reached XP level 3. HP: 16/19 MP: 2/4
   832 | D:2      | Found an iron altar of Okawaru.
  1126 | D:3      | Reached XP level 4. HP: 24/24 MP: 5/5
  1204 | D:3      | Killed from afar by an orc wizard

Skill      XL: |  1  2  3 |
---------------+----------+-----
Stealth        | 3 |  3.3
Dodging        | 3 |  3.0
Fighting       | 3 |  3.0
Unarmed Combat | |  4.3

Action                   |  1- 3 |  4- 6 || total
-------------------------+-------+-------++-------
Melee: Unarmed           |   102 |    10 ||   112
       Bite              |    29 |     1 ||    30
 Stab: Sleeping          |    10 |       ||    10
       Distracted        |     1 |       ||     1
  Eat: Chunk             |     1 |       ||     1
Armor: Robe              |    13 |       ||    13
Dodge: Dodged            |    61 |     2 ||    63
